 Dungeon Crawl Stone Soup version 0.22-a0-247-gbddf880757 (webtiles) character file.

2486 Peterchen the Cleaver (level 9, -7/70 HPs)
             Began as a Minotaur Berserker on Feb 24, 2018.
             Was a High Priest of Trog.
             Shot with a sling bullet by Joseph (9 damage)
             ... on level 7 of the Dungeon.
             The game lasted 00:22:28 (5387 turns).

Peterchen the Cleaver (Minotaur Berserker)          Turns: 5387, Time: 00:22:29

Health: -7/70      AC:  8    Str: 26    XL:     9   Next: 27%
Magic:  8/8        EV:  4    Int:  4    God:    Trog [*****.]
Gold:   189        SH: 12    Dex:  9    Spells: 8/8 levels left

rFire    + + .     SeeInvis .   u - +0 war axe
rCold    + . .     Gourm    .   p - +0 large shield
rNeg     . . .     Faith    +   h - +0 chain mail
rPois    .         Spirit   .   (helmet restricted)
rElec    .         Reflect  .   y - scarf {rC+ rF+}
rCorr    .         Harm     .   (no gloves)
MR       .....                  (no boots)
Stlth    ..........             f - amulet of faith
HPRegen  0.21/turn              b - ring of protection from fire
MPRegen  0.11/turn              (no ring)

@: berserk cooldown, slowed, very slow
A: retaliatory headbutt, horns 2
a: Berserk, Trog's Hand, Brothers in Arms, Renounce Religion


You were on level 7 of the Dungeon.
You worshipped Trog.
Trog was extremely pleased with you.
You were very hungry.

You visited 1 branch of the dungeon, and saw 7 of its levels.

You collected 297 gold pieces.
You spent 108 gold pieces at shops.

Inventory:

Hand Weapons
 u - a +0 war axe (weapon)
Armour
 h - a +0 chain mail (worn)
 p - a +0 large shield (worn)
 y - a scarf of resistance (worn)
Jewellery
 b - a ring of protection from fire (left hand)
 f - an amulet of faith (around neck)
Wands
 a - a wand of disintegration (5)
 i - a wand of digging (10)
 x - a wand of random effects (48)
Scrolls
 d - 2 scrolls of enchant armour
 e - 8 scrolls of remove curse
 g - 3 scrolls of fear
 j - 3 scrolls of teleportation
 m - 2 scrolls of fog
 s - a scroll of magic mapping
 t - 2 scrolls of amnesia
 v - a scroll of immolation {unknown}
 w - a scroll of blinking
 z - a scroll of enchant weapon {unknown}
Potions
 k - 6 potions of curing
 l - 2 potions of lignification
 n - 4 potions of heal wounds
 o - 2 potions of might
 q - 2 potions of berserk rage
 r - 2 potions of agility {unknown}
 A - a potion of degeneration {unknown}
 B - a potion of mutation {unknown}
 D - a potion of cancellation {unknown}
Comestibles
 c - 14 rations


   Skills:
 - Level 3.6 Fighting
 * Level 14.6 Axes
 - Level 2.4 Armour
 - Level 2.1 Dodging


You had 8 spell levels left.
You didn't know any spells.

Dungeon Overview and Level Annotations

Branches:
Dungeon (7/15)             Temple (0/1) D:7

Altars:
Cheibriados
Elyvilon
Fedhas
Gozag
Kikubaaqudgha
Nemelex Xobeh
Sif Muna
Uskayaw
Wu Jian
Xom
The Shining One

Shops:
D:4 *

Annotations:
D:7 Joseph


Innate Abilities, Weirdness & Mutations

You reflexively headbutt those who attack you in melee.
You have a pair of horns on your head.


Message History

Joseph unwields an uncursed quarterstaff of pain.
Joseph wields an uncursed hunting sling.
Joseph shoots a sling bullet.
You block the sling bullet.
The worker ant zombie barely misses you.
You furiously retaliate!
You headbutt the worker ant zombie!!
You destroy the worker ant zombie!
Trog accepts your kill.
You see here a sling bullet.
Joseph shoots a sling bullet.
The sling bullet hits you!
* * * LOW HITPOINT WARNING * * *
Joseph shoots a sling bullet.
The sling bullet hits you!
* * * LOW HITPOINT WARNING * * *
You see here 2 sling bullets.
Joseph shoots a sling bullet.
You block the sling bullet.
You see here a sling bullet.
Joseph shoots a sling bullet.
You block the sling bullet.
You see here a sling bullet.
Joseph shoots a sling bullet.
You block the sling bullet.
Joseph shoots a sling bullet.
The sling bullet hits you!
You die...

.......................#
###.##########.#.##....#
#.# #<#.###...# ###.#
########'###...# ....#
#.........##...# #####
#.........##...###. #
###........)##...(.#.# #
#...[..###.###.....#.#####
## #......#
#@###.:.(.#.....## .#
#......#
#...(((.(.'....... .#
#......#
#####.((..#.....## .#
#...#### #..@[.#.....'. ##
##### ####..#.(...# #
#..(..#'#<.. #(...(#.####
#....(#.# ###.#.#..


You could see Joseph.

Vanquished Creatures
  Grinder (D:4)
  A hippogriff (D:7)
  Menkaure (D:4)
  A hungry ghost (D:6)
  An orc warrior (D:6)
  2 ice beasts
  2 phantoms
  2 ogres
  A centaur (D:5)
  A big kobold (D:7)
  A wyvern skeleton (D:7)
  3 killer bees (D:7)
  A vampire bat (D:5)
  A howler monkey (D:7)
  2 crimson imps
  A jelly (D:6)
  2 orc priests (D:6)
  4 hounds
  3 orc wizards
  Terence (D:2)
  An iguana (D:3)
  4 worker ants
  A killer bee zombie (D:7)
  A hound skeleton (D:7)
  A worker ant zombie (D:7)
  Robin (D:2)
  A gnoll (D:1)
  A howler monkey skeleton (D:7)
  7 adders
  A shadow imp (D:7)
  An ooze (D:6)
  4 adder zombies
  2 adder skeletons
  A worm (D:4)
  A dart slug (D:1)
  4 leopard geckos
  19 orcs
  6 bats
  3 bat skeletons (D:5)
  A bat zombie (D:5)
  10 giant cockroaches
  7 hobgoblins
  9 jackals
  11 kobolds
  3 quokkas
  A ball python (D:1)
  6 frilled lizards
  11 goblins
  5 rats
156 creatures vanquished.

Notes
Turn   | Place    | Note
-------+----------+-------------------------------------------
     0 | D:1      | Peterchen the Minotaur Berserker began the quest for the Orb.
     0 | D:1      | Reached XP level 1. HP: 19/19 MP: 0/0
   116 | D:1      | Reached skill level 4 in Axes
   151 | D:1      | Reached XP level 2. HP: 16/26 MP: 1/1
   599 | D:1      | Reached skill level 5 in Axes
   755 | D:2      | Reached XP level 3. HP: 29/31 MP: 2/2
   820 | D:2      | Noticed Terence
   831 | D:2      | Killed Terence
   914 | D:2      | Reached XP level 4. HP: 18/39 MP: 3/3
  1037 | D:2      | Reached skill level 6 in Axes
  1048 | D:2      | Reached ** piety under Trog
  1194 | D:2      | Noticed a dagger
  1195 | D:2      | Noticed a hand axe
  1204 | D:2      | Found a hide-covered altar of Uskayaw.
  1249 | D:2      | Noticed Robin
  1269 | D:2      | Killed Robin
  1425 | D:2      | Found a glowing golden altar of the Shining One.
  1425 | D:2      | Found a snail-covered altar of Cheibriados.
  1431 | D:2      | Found an opulent altar of Gozag.
  1431 | D:2      | Found a sparkling altar of Nemelex Xobeh.
  1598 | D:3      | Found a deep blue altar of Sif Muna.
  1686 | D:3      | Reached *** piety under Trog
  1688 | D:3      | Reached skill level 7 in Axes
  1688 | D:3      | Reached XP level 5. HP: 27/45 MP: 4/4
  1827 | D:3      | Found a white marble altar of Elyvilon.
  2181 | D:4      | Noticed Grinder
  2182 | D:4      | Paralysed by Grinder for 4 turns
  2191 | D:4      | Killed Grinder
  2191 | D:4      | Reached skill level 8 in Axes
  2191 | D:4      | Reached XP level 6. HP: 51/51 MP: 5/5
  2229 | D:4      | Reached skill level 9 in Axes
  2732 | D:4      | Found a shimmering altar of Xom.
  2761 | D:4      | Found Oshem's Assorted Antiques.
  2796 | D:4      | Bought a scroll of identify for 54 gold pieces
  2796 | D:4      | Bought a scroll of identify for 54 gold pieces
  2859 | D:4      | Noticed Menkaure
  2864 | D:4      | Killed Menkaure
  2864 | D:4      | Reached skill level 10 in Axes
  2864 | D:4      | Reached XP level 7. HP: 57/57 MP: 6/6
  3191 | D:5      | Entered Level 5 of the Dungeon
  3496 | D:5      | Found an ancient bone altar of Kikubaaqudgha.
  3499 | D:5      | Reached skill level 11 in Axes
  3572 | D:5      | Reached **** piety under Trog
  3777 | D:5      | Found a blossoming altar of Fedhas.
  3782 | D:5      | Reached XP level 8. HP: 64/64 MP: 7/7
  3972 | D:6      | Reached skill level 12 in Axes
  4405 | D:6      | Reached skill level 13 in Axes
  4494 | D:6      | Found an ornate altar of the Wu Jian Council.
  4687 | D:7      | Reached ***** piety under Trog
  4762 | D:7      | Found a staircase to the Ecumenical Temple.
  4904 | D:7      | Noticed a hippogriff
  4907 | D:7      | Noticed Joseph
  4909 | D:7      | Killed a hippogriff
  4909 | D:7      | Reached skill level 14 in Axes
  4909 | D:7      | Reached XP level 9. HP: 70/70 MP: 8/8
  5382 | D:7      | HP: 1/70 [Joseph/sling bullet (13)]
  5387 | D:7      | Shot with a sling bullet by Joseph

Vault maps used:
D:1:      dpeg_arrival_boxes_within_box
D:2:      dancing_weapons_uskayaw, chequers_temple_overflow_statue_of_worship,
          uniq_robin, uniq_terence
D:3:      marbit_many_paths, lemuel_coloured_pillars_altar
D:4:      kennysheep_mini_moat, first_ration, serial_shops, shop_fountains,
          uniq_grinder, uniq_menkaure
D:5:      kennysheep_vampire_church, kennysheep_little_box
D:6:      lemuel_round_altar
D:7:      lemuel_doored_altar, minmay_temple_entry_trees, grunt_ogre_cave,
          nicolae_dithmenos_the_darkroom, uniq_joseph

Skill      XL: |  1  2  3  4  5  6  7  8 |
---------------+-------------------------+-----
Axes           | 4 5 7 8 10 11 14 | 14.6
Fighting       | |  3.6
Armour         | |  2.4
Dodging        | |  2.1

Action                   |  1- 3 |  4- 6 |  7- 9 || total
-------------------------+-------+-------+-------++-------
Melee: Hand axe          |    43 |    97 |       ||   140
       Headbutt          |     5 |    19 |    43 ||    67
       War axe           |       |    23 |   279 ||   302
Throw: Tomahawk          |       |       |     2 ||     2
Invok: Berserk           |     2 |     3 |     4 ||     9
       Trog's Hand       |       |     1 |       ||     1
  Use: Scroll            |     1 |     7 |     9 ||    17
  Eat: Chunk             |     1 |     9 |    15 ||    25
Armor: Animal skin       |     5 |     5 |       ||    10
       Ring mail         |       |    12 |       ||    12
       Chain mail        |       |     7 |   101 ||   108
Dodge: Dodged            |    30 |    32 |    32 ||    94
Block: Large shield      |       |    35 |   160 ||   195

Table legend:
 A = Spawn XP
 B = Non-spawn XP
 C = Spawn XP percentage of total XP
 D = Spawn monster count
 E = Non-spawn monster count
 F = Spawn count percentage of total count
 G = Total turns spent on level
                    A         B        C        D         E        F      G
               +---------+---------+-------+---------+---------+-------+---------
         Total |       0 |    3552 |   0.0 |       0 |     156 |   0.0 |  5387
               +---------+---------+-------+---------+---------+-------+---------
           D:1 |       0 |      38 |   0.0 |       0 |      13 |   0.0 |   738
           D:2 |       0 |     130 |   0.0 |       0 |      34 |   0.0 |   794
           D:3 |       0 |      69 |   0.0 |       0 |      11 |   0.0 |   623
           D:4 |       0 |     690 |   0.0 |       0 |      19 |   0.0 |  1036
           D:5 |       0 |     615 |   0.0 |       0 |      20 |   0.0 |   706
           D:6 |       0 |     733 |   0.0 |       0 |      30 |   0.0 |   779
           D:7 |       0 |    1277 |   0.0 |       0 |      29 |   0.0 |   711
               +---------+---------+-------+---------+---------+-------+---------
